 Dungeon Crawl Stone Soup version 0.19-a0-450-g98b348d (webtiles) character file.

53 tyrsky the Stinger (level 3, 0/14 HPs)
             Began as a Felid Venom Mage on June 1, 2016.
             Slain by a kobold
             ... wielding a +0 club
              (5 damage)
             ... on level 2 of the Dungeon.
             The game lasted 00:03:18 (768 turns).

tyrsky the Stinger (Felid Venom Mage)                Turns: 768, Time: 00:03:18

Health: 0/14       AC:  1    Str:  5    XL:     3   Next: 64%
Magic:  0/7        EV: 18    Int: 16    God:
Gold:   61         SH:  0    Dex: 16    Spells: 3 memorised, 0 levels left
                                        Lives:  0   Deaths: 0

rFire  . . .     SeeInvis +       - Unarmed
rCold  . . .     Gourm    .     (armour unavailable)
rNeg   . . .     Faith    .     (shield unavailable)
rPois  .         Spirit   .     (helmet unavailable)
rElec  .         Dismiss  .     (cloak unavailable)
rCorr  .         Reflect  .     (gloves unavailable)
SustAt .         Harm     .     (boots unavailable)
MR     .....                    (no amulet)
Stlth  +++.......               (no ring)
                                (no ring)

@: lethally poisoned (0 -> -8), quick, not resistant to hostile enchantments,
fairly stealthy
A: no armour, no weapons or thrown items, claws 1, fangs 3, see invisible,
carnivore 3, speed 1, shaggy fur 1, slow metabolism 1, sharp paws
a: no special abilities


You were on level 2 of the Dungeon.
You were not hungry.

You visited 1 branch of the dungeon, and saw 2 of its levels.

You collected 61 gold pieces.

Inventory:

Scrolls
 c - a scroll of identify {unknown}
 f - 2 scrolls of remove curse {unknown}
 g - a scroll of noise {unknown}
Potions
 d - a potion of curing {unknown}
 e - a potion of degeneration {unknown}
Books
 a - a Young Poisoner's Handbook

   Spells                             Type                      Level
   a - Sting                          Conjuration/Poison           1
   b - Cure Poison                    Poison                       2
   c - Mephitic Cloud                 Conjuration/Poison/Air       3
   d - Olgreb's Toxic Radiance        Poison                       4
   e - Venom Bolt                     Conjuration/Poison           5
Comestibles
 b - a meat ration


   Skills:
 - Level 2.6 Dodging
 + Level 3.6 Stealth
 + Level 2.0 Unarmed Combat
 - Level 2.0 Spellcasting
 + Level 1.2 Conjurations
 + Level 0.5 Air Magic
 - Level 3.6 Poison Magic


You couldn't memorise any spells.
You knew the following spells:

 Your Spells              Type           Power        Failure   Level  Hunger
a - Sting                 Conj/Pois      #...         10%         1    #......
b - Cure Poison           Pois           ##........   10%         2    ###....
c - Mephitic Cloud        Conj/Pois/Air  #.......     34%         3    ###....


Dungeon Overview and Level Annotations

Branches:
Dungeon (2/15)

Altars:
Ashenzari
Pakellas

Shops:
D:2 }


Innate Abilities, Weirdness & Mutations

You cannot wear armour.
You are incapable of wielding weapons or throwing items.
You have sharp claws.
You have razor-sharp teeth.
You have supernaturally acute eyesight. (SInv)
You are carnivorous and can eat meat at any time.
You cover ground quickly.
You are covered in fur. (AC +1)
You have a slow metabolism.
Your sharp claws are effective at attacking unaware monsters.


Message History

Confirm with . or Enter, or press ? or * to list all spells.
Aiming: Sting
Press: ? - help, Shift-Dir - straight line, f/p - adder
Aim: an adder (severely wounded)
The sting misses the adder.
You feel sick. The adder closely misses you.
You miss the adder.
The adder is severely wounded.
The adder misses you. The adder completely misses you.
You scratch the adder.
The adder is almost dead.
You feel sick. The adder barely misses you.
You closely miss the adder.
The adder is almost dead.
The adder bites you.
* * * LOW HITPOINT WARNING * * *
You scratch the adder.
You kill the adder!
You scratch the kobold but do no damage.
The kobold hits you with a club.
You die...

............K.(/......
.........######.......
.......K.# .......
......†..# .>.....
.........# .......
.........# .......
.........# #......
........########......
#. #######.Kh.......(.
#. ####...†...# #..
#....####
#..###########..###
###.......#......##
................##
###.#..###.........
##.##..########
##...####


You could see a kobold.

Vanquished Creatures
  Robin (D:2)
  2 adders (D:2)
  A bat (D:1)
  A giant cockroach (D:2)
  8 goblins (D:2)
  5 hobgoblins
  3 kobolds
  A rat (D:2)
22 creatures vanquished.

Notes
Turn   | Place    | Note
--------------------------------------------------------------
     0 | D:1      | tyrsky the Felid Venom Mage began the quest for the Orb.
     0 | D:1      | Reached XP level 1. HP: 7/7 MP: 4/4
   248 | D:2      | Noticed Robin
   265 | D:2      | Found an oddly glowing altar of Pakellas.
   265 | D:2      | Found Pakellas's Prime Provisions.
   290 | D:2      | Found a shattered altar of Ashenzari.
   304 | D:2      | Reached skill level 1 in Unarmed Combat
   320 | D:2      | Reached XP level 2. HP: 11/11 MP: 1/6
   324 | D:2      | Learned a level 2 spell: Cure Poison
   435 | D:2      | Killed Robin
   435 | D:2      | Reached skill level 1 in Conjurations
   504 | D:1      | Reached XP level 3. HP: 11/14 MP: 0/7
   509 | D:1      | Learned a level 3 spell: Mephitic Cloud
   768 | D:2      | Slain by a kobold

Vault maps used:
D:1:      lordsloth_arrival_two_stooges, serial_co_window_serial,
          co_window_paths_a, co_window_paths_a, co_window_corner_a,
          co_window_paths_a, co_window_paths_a, co_window_broadway_a,
          co_window_corner_b, co_window_of_opportunity_b, co_window_4corner_a,
          glass_columns_c, glass_columns_a, glass_columns_c, glass_columns_a
D:2:      lemuel_round_altar, serial_corexii_hall, corexii_hall_statues_deadend,
          corexii_hall_statues_i, first_bread, johnstein_pakellas_shop,
          uniq_robin, uniq_terence

Skill      XL: |  1  2  3 |
---------------+----------+-----
Unarmed Combat | 1 2 |  2.0
Stealth        | 3 |  3.6
Conjurations   | 1 |  1.2
Dodging        | |  2.6
Spellcasting   | |  2.0
Air Magic      | |  0.5
Poison Magic   | |  3.6

Action                   || total
-------------------------++-------
Melee: Unarmed           ||    14
       Bite              ||     1
 Cast: Sting             ||    45
Dodge: Dodged            ||    16
